 Dungeon Crawl Stone Soup version 0.23.2-33-g5129a83184 (webtiles) character file.

Game seed: 11733643444200429187

56 Kold the Insei (level 3, -1/23 HPs)
             Began as an Octopode Transmuter on July 31, 2019.
             Slain by a gnoll
             ... wielding a +0 flail
              (8 damage)
             ... on level 2 of the Dungeon.
             The game lasted 00:02:10 (1738 turns).

Kold the Insei (Octopode Transmuter)                Turns: 1738, Time: 00:02:10

Health: -1/23      AC:  1    Str: 10    XL:     3   Next: 95%
Magic:  4/6        EV: 14    Int: 18    God:
Gold:   54         SH:  0    Dex: 12    Spells: 2/6 levels left

rFire    . . .     SeeInvis .     - Unarmed
rCold    . . .     Gourm    .   (no shield)
rNeg     . . .     Faith    .   (helmet restricted)
rPois    .         Spirit   .   (no amulet)
rElec    .         Reflect  .   f - +3 ring of intelligence
rCorr    .         Harm     .   (no ring)
MR       .....                  (no ring)
Stlth    +++.......             (no ring)
HPRegen  0.07/turn              (no ring)
MPRegen  0.10/turn              (no ring)
                                (no ring)
                                (no ring)

@: appendage, very slightly contaminated
A: almost no armour, stealthy swim, amphibious, 8 rings, constrict 8, tentacle
spike 3, camouflage 1, gelatinous body 1
a: End Transformation


You were on level 2 of the Dungeon.
You were not hungry.
One of your tentacles had a temporary spike.
You visited 1 branch of the dungeon, and saw 2 of its levels.

You collected 54 gold pieces.

Inventory:

Missiles
 a - 67 arrows
Armour
 l - a +0 buckler
Jewellery
 f - a +3 ring of intelligence (left tentacle)
Scrolls
 b - a scroll of immolation {unknown}
 d - a scroll of amnesia {unknown}
 e - 2 scrolls of teleportation {unknown}
 h - a scroll of enchant weapon
 m - 2 scrolls of fear {unknown}
Potions
 g - a potion of experience {unknown}
 i - a potion of lignification {unknown}
 j - 2 potions of agility {unknown}
 k - 2 potions of curing {unknown}
 n - a potion of flight {unknown}
 p - a potion of mutation {unknown}
Comestibles
 c - 5 rations


   Skills:
 - Level 1.0 Fighting
 + Level 2.6 Dodging
 + Level 2.4 Stealth
 + Level 3.4 Unarmed Combat
 - Level 2.0 Spellcasting
 + Level 2.5 Transmutations


You had 2 spell levels left.
You knew the following spells:

 Your Spells              Type           Power        Failure   Level  Hunger
a - Beastly Appendage     Tmut           ##....       6%          1    #......
b - Spider Form           Tmut/Pois      #.........   32%         3    ###....

Your spell library contained the following spells:

 Spells                   Type           Power        Failure   Level  Hunger
 Sticks to Snakes         Tmut           ##......     10%         2    ###....
 Ice Form                 Ice/Tmut       #.......     71%         4    #####..
 Blade Hands              Tmut           ##........   86%         5    ######.


Dungeon Overview and Level Annotations

Branches:
Dungeon (2/15)

Altars:


Innate Abilities, Weirdness & Mutations

You cannot wear most types of armour.
You are very stealthy in the water. (Stealth+)
You are amphibious.
You can wear up to eight rings at the same time.
You can use your tentacles to constrict eight enemies at once.
Your skin changes colour to match your surroundings (Stealth+).
Your rubbery body absorbs attacks. (AC +1, EV +1)
One of your tentacles bears a large vicious spike.


Message History

You kill the gnoll!
The gnoll closely misses you.
You closely miss the gnoll. Your grab misses the gnoll.
You squeeze the gnoll, but do no damage.
The gnoll hits you from afar with a +0 spear!
The gnoll misses you.
Casting: Beastly Appendage (safe; 6% risk of failure)
Confirm with . or Enter, or press ? or * to list all spells.
You miscast Beastly Appendage.
You are very lightly contaminated with residual magic.
Nothing appears to happen.
The gnoll misses you.
You barely miss the gnoll. You grab the gnoll. You constrict the gnoll.
The gnoll completely misses you.
The gnoll hits you from afar with a +0 spear.
Casting: Beastly Appendage (safe; 6% risk of failure)
Confirm with . or Enter, or press ? or * to list all spells.
One of your tentacles grows a vicious spike.
You constrict the gnoll, but do no damage.
The gnoll hits you with a +0 flail!
You die...

*,,,,,,* ########
****,,,*
####......# ***,*
#.......#># *,#
#.......#.. *.#
#.......... ###g#
#.......#.. #.g.#
#.......#.. #g#**
#.......... #@#
#.......... #.#
########...
#.####### #...
#.......# #...
#.##.##.# #####
#.##.##.######...#
#.##..............
#.#####.######...#
#.#####.# #####


You could see 3 gnolls.

Vanquished Creatures
  A gnoll (D:2)
  An ooze (D:2)
  A dart slug (D:1)
  A leopard gecko (D:1)
  4 giant cockroaches (D:1)
  2 goblins (D:1)
  3 hobgoblins (D:1)
  7 jackals
  4 kobolds (D:1)
  A quokka (D:2)
  A bat (D:1)
  5 frilled lizards
  5 rats
36 creatures vanquished.

Notes
Turn   | Place    | Note
-------+----------+-------------------------------------------
     0 | D:1      | Kold the Octopode Transmuter began the quest for the Orb.
     0 | D:1      | Reached XP level 1. HP: 13/13 MP: 3/3
    39 | D:1      | Reached skill level 1 in Stealth
    39 | D:1      | Reached XP level 2. HP: 11/18 MP: 5/5
   541 | D:1      | Reached XP level 3. HP: 4/23 MP: 6/6
  1268 | D:2      | Learned a level 3 spell: Spider Form
  1738 | D:2      | Slain by a gnoll

Skill      XL: |  1  2  3 |
---------------+----------+-----
Stealth        | 1 2 |  2.4
Fighting       | |  1.0
Dodging        | |  2.6
Unarmed Combat | |  3.4
Spellcasting   | |  2.0
Transmutations | |  2.5

Action                   || total
-------------------------++-------
Melee: Unarmed           ||    81
       Constrict         ||    24
       Kick              ||    18
       Tentacles         ||    12
 Cast: Beastly Appendage ||    18
  Use: Scroll            ||     3
 Stab: Sleeping          ||     5
  Eat: Chunk             ||     3
Armor: Skin              ||    13
Dodge: Dodged            ||    48
